 Dungeon Crawl Stone Soup version 0.29-a0-553-g81b289dbe5 (webtiles) character file.

Game seed: 10936958228051829061

92 DocClef the Covert (level 4, -4/41 HPs)
             Began as a Gnoll Delver on June 6, 2022.
             Killed by divine providence
             ... invoked by an orc priest
              (7 damage)
             ... on level 5 of the Dungeon.
             The game lasted 00:00:30 (220 turns).

DocClef the Covert (Gnoll Delver)                    Turns: 220, Time: 00:00:31

Health: -4/41      AC:  3    Str: 13    XL:     4   Next: 60%
Magic:  5/5        EV: 13    Int: 10    God:
Gold:   39         SH:  0    Dex: 13    Spells: 5/5 levels left

rFire   . . .      SeeInvis .   a - +0 short sword
rCold   . . .      Faith    .   (no shield)
rNeg    . . .      Spirit   .   b - +0 leather armour
rPois   .          Reflect  .   (no helmet)
rElec   .          Harm     .   (no cloak)
rCorr   .          Rampage  .   (no gloves)
Will    .....                   (no boots)
Stlth   ++++......              (no amulet)
HPRegen 0.13/turn               (no ring)
MPRegen 0.09/turn               (no ring)

@: lethally poisoned (-4 -> -5)
A: fangs 1, strong nose, distributed training
a: no special abilities


You were on level 5 of the Dungeon.
You visited 1 branch of the dungeon, and saw 2 of its levels.

You collected 39 gold pieces.

Inventory:

Hand Weapons
 a - a +0 short sword (weapon)
Armour
 b - a +0 leather armour (worn)
Wands
 g - a wand of digging (3)
 i - a wand of flame (19)
Scrolls
 c - a scroll of fog
 d - a scroll of magic mapping
 e - a scroll of fear
 j - a scroll of identify {unknown}
 k - a scroll of teleportation {unknown}
Potions
 f - a potion of haste
 h - a potion of heal wounds {unknown}


   Skills:
 + Level 6.6 Fighting
 + Level 4.6 Short Blades
 + Level 1.2 Long Blades
 + Level 1.2 Axes
 + Level 1.2 Maces & Flails
 + Level 1.2 Polearms
 + Level 1.2 Staves
 + Level 1.2 Slings
 + Level 1.2 Bows
 + Level 1.2 Crossbows
 + Level 1.2 Throwing
 + Level 1.2 Armour
 + Level 4.6 Dodging
 + Level 9.6 Stealth
 + Level 1.2 Shields
 + Level 1.2 Unarmed Combat
 + Level 1.2 Spellcasting
 + Level 1.0 Conjurations
 + Level 1.0 Hexes
 + Level 1.0 Summonings
 + Level 1.0 Necromancy
 + Level 1.0 Translocations
 + Level 1.0 Transmutations
 + Level 1.0 Fire Magic
 + Level 1.0 Ice Magic
 + Level 1.0 Air Magic
 + Level 1.0 Earth Magic
 + Level 1.0 Poison Magic
 + Level 1.3 Invocations
 + Level 1.2 Evocations


You had 5 spell levels left.
You didn't know any spells.
Your spell library was empty.

Dungeon Overview and Level Annotations

Branches:
Dungeon (5/15)
 Temple: D:4-7

Altars:

Annotations:
D:4 Blork the orc


Innate Abilities, Weirdness & Mutations

You have very sharp teeth.
Your uncanny sense of smell can sniff out nearby items.
Your experience applies equally to all skills.


Message History

The adder bites you but does no damage. The orc barely misses you.
The adder closely misses you.
You hit the orc but do no damage. The adder bites you but does no damage.
The orc hits you with a +0 mace.
You hit the orc but do no damage. You bite the orc, but do no damage.
The adder bites you but does no damage.
You hit the orc. You punch the orc, but do no damage. Your bite misses the orc.
The orc is lightly wounded.
The orc hits you with a +0 mace. The adder misses you.
You hit the orc but do no damage.
The orc is lightly wounded.
The orc misses you. The adder bites you but does no damage.
You hit the orc. Your bite misses the orc.
The orc is almost dead.
The adder bites you but does no damage. The orc misses you.
You barely miss the orc.
The orc is almost dead.
The adder closely misses you. The orc barely misses you.
You hit the orc.
You kill the orc!
The adder bites you.
You are poisoned.
The adder poisons you!
You hit the adder but do no damage. Your bite misses the adder.
You feel sick. The adder bites you but does no damage.
The orc priest mumbles some strange prayers to Beogh against you.
Beogh smites you!
* * * LOW HITPOINT WARNING * * *
The adder bites you.
* * * LOW HITPOINT WARNING * * *
You hit the adder.
The adder is lightly wounded.
You feel sick. The adder bites you.
* * * LOW HITPOINT WARNING * * *
You hit the adder. Your punch misses the adder.
The adder is moderately wounded.
You feel sick. The adder misses you.
The orc priest mumbles some strange prayers to Beogh against you.
Beogh smites you!
You die...

#######
#.....#########
#.....#@.......
#....oS).......
#....o#..........#
#.....#..........#
#.....#...##....#
#....o#'####....#
#.....#.........#
#.....#.........##
#.....'..........#


You could see an orc priest, an adder and an orc.

Vanquished Creatures
  A scorpion (D:5)
  A hound (D:5)
  An orc (D:5)
3 creatures vanquished.

Notes
Turn   | Place    | Note
-------+----------+-------------------------------------------
     0 | D:5      | Reached skill level 9 in Stealth
     0 | D:5      | DocClef the Gnoll Delver began the quest for the Orb.
     0 | D:5      | Reached XP level 1. HP: 23/23 MP: 1/1
    16 | D:5      | Noticed a hound
    23 | D:5      | Killed a hound
    24 | D:5      | Reached XP level 2. HP: 29/29 MP: 2/2
    24 | D:5      | Reached XP level 3. HP: 35/35 MP: 3/3
    26 | D:5      | Noticed a scorpion
    32 | D:5      | Killed a scorpion
    33 | D:5      | Reached skill level 1 in Long Blades
    33 | D:5      | Reached skill level 1 in Axes
    33 | D:5      | Reached skill level 1 in Maces & Flails
    33 | D:5      | Reached skill level 1 in Polearms
    33 | D:5      | Reached skill level 1 in Staves
    33 | D:5      | Reached skill level 1 in Slings
    33 | D:5      | Reached skill level 1 in Bows
    33 | D:5      | Reached skill level 1 in Crossbows
    33 | D:5      | Reached skill level 1 in Throwing
    33 | D:5      | Reached skill level 1 in Armour
    33 | D:5      | Reached skill level 1 in Shields
    33 | D:5      | Reached skill level 1 in Unarmed Combat
    33 | D:5      | Reached skill level 1 in Spellcasting
    33 | D:5      | Reached skill level 1 in Conjurations
    33 | D:5      | Reached skill level 1 in Hexes
    33 | D:5      | Reached skill level 1 in Summonings
    33 | D:5      | Reached skill level 1 in Necromancy
    33 | D:5      | Reached skill level 1 in Translocations
    33 | D:5      | Reached skill level 1 in Transmutations
    33 | D:5      | Reached skill level 1 in Fire Magic
    33 | D:5      | Reached skill level 1 in Ice Magic
    33 | D:5      | Reached skill level 1 in Air Magic
    33 | D:5      | Reached skill level 1 in Earth Magic
    33 | D:5      | Reached skill level 1 in Poison Magic
    33 | D:5      | Reached skill level 1 in Invocations
    33 | D:5      | Reached skill level 1 in Evocations
    33 | D:5      | Reached XP level 4. HP: 41/41 MP: 3/5
   195 | D:4      | Noticed Blork the orc
   220 | D:5      | Killed from afar by an orc priest

Illustrated notes

Levels and vault maps discovered:
D:4:      layout_basic, uniq_blork_the_orc
D:5:      layout_gridville, serial_shops, nicolae_shop_hallway_plus,
          minmay_misc_feat_diagonals, kennysheep_crisscross

Skill      XL: |  1  2  3 |
---------------+----------+-----
Stealth        | |  9.6
Long Blades    | 1 |  1.2
Axes           | 1 |  1.2
Maces & Flails | 1 |  1.2
Polearms       | 1 |  1.2
Staves         | 1 |  1.2
Slings         | 1 |  1.2
Bows           | 1 |  1.2
Crossbows      | 1 |  1.2
Throwing       | 1 |  1.2
Armour         | 1 |  1.2
Shields        | 1 |  1.2
Unarmed Combat | 1 |  1.2
Spellcasting   | 1 |  1.2
Conjurations   | 1 |  1.0
Hexes          | 1 |  1.0
Summonings     | 1 |  1.0
Necromancy     | 1 |  1.0
Translocations | 1 |  1.0
Transmutations | 1 |  1.0
Fire Magic     | 1 |  1.0
Ice Magic      | 1 |  1.0
Air Magic      | 1 |  1.0
Earth Magic    | 1 |  1.0
Poison Magic   | 1 |  1.0
Invocations    | 1 |  1.3
Evocations     | 1 |  1.2
Fighting       | |  6.6
Short Blades   | |  4.6
Dodging        | |  4.6

Action                   |  1- 3 |  4- 6 || total
-------------------------+-------+-------++-------
Melee: Short sword       |     2 |    11 ||    13
       Bite              |       |     2 ||     2
       Punch             |       |     1 ||     1
 Stab: Sleeping          |     2 |       ||     2
Armor: Leather armour    |       |    11 ||    11
Dodge: Dodged            |       |    26 ||    26

Table legend: (Time is in decaauts)
 A = Elapsed time spent in this place.
 B = Non-inter-level travel time spent in this place.
 C = Inter-level travel time spent in this place.
 D = Time resting spent in this place.
 E = Time spent auto-exploring this place.
 F = Levels seen in this place.
 G = Mean time per level.
                   A        B        C        D        E       F      G
               +--------+--------+--------+--------+--------+-----+--------+
         Total |    217 |    217 |      0 |      0 |    149 |   2 |  108.5 |
       Dungeon |    217 |    217 |      0 |      0 |    149 |   2 |  108.5 |
               +--------+--------+--------+--------+--------+-----+--------+

Top non-repeatable levels by time:
     D:5: 139 daAuts
     D:4: 78 daAuts
